 Dungeon Crawl Stone Soup version 0.32-a0-913-g739538afd8 (webtiles) character file.

Game seed: 2726949802433466868

564 Iich the Chopper (level 7, -9/55 HPs)
             Began as a Coglin Fighter on Apr 9, 2024.
             Was a Follower of Okawaru.
             Mangled by an ogre
             ... wielding a +0 giant spiked club
              (17 damage)
             ... on level 5 of the Dungeon.
             The game lasted 00:07:10 (3072 turns).

Iich the Chopper (Coglin Fighter)                   Turns: 3072, Time: 00:07:11

Health: -9/55      AC:  7    Str: 18    XL:     7   Next: 32%
Magic:  7/7        EV:  9    Int:  8    God:    Okawaru [*.....]
Gold:   204        SH:  4    Dex: 13    Spells: 6/6 levels left

rFire   . . .        a - +0 war axe {Harkiran}
rCold   . . .        c - +0 buckler
rNeg    . . .        b - +0 scale mail
rPois   .            (no helmet)
rElec   .            (no cloak)
rCorr   .            (no gloves)
SInv    .            k - +0 pair of boots
Will    .....        (amulet unavailable) Stlth
                     (ring unavailable)
HPRegen 0.29/turn    (ring unavailable)
MPRegen 0.10/turn    (no gizmo)

%: no passive effects
@: revved
A: off-hand wielding, slow wielding, warmup strikes, no jewellery
a: Invent Gizmo, Renounce Religion, Heroism


You were on level 5 of the Dungeon.
You worshipped Okawaru.
Okawaru was aware of your devotion.
You visited 1 branch of the dungeon, and saw 5 of its levels.

You collected 204 gold pieces.

Inventory:

Hand Weapons
 a - a +0 war axe (weapon) {Harkiran}
Armour
 b - a +0 scale mail (worn)
 c - a +0 buckler (worn)
 j - a +0 helmet
 k - a +0 pair of boots (worn)
Scrolls
 g - a scroll of fear
 h - 2 scrolls of immolation
 m - a scroll of revelation
 t - a scroll of teleportation
 B - a scroll of blinking
Potions
 d - a potion of might
 e - a potion of brilliance
 n - a potion of berserk rage {unknown}
 o - a potion of enlightenment {unknown}
 q - 3 potions of curing


   Skills:
 + Level 4.7 Fighting
 * Level 5.7 Axes
 - Level 2.6 Armour
 + Level 3.2 Dodging
 - Level 2.1 Shields


You had 6 spell levels left.
You didn't know any spells.
Your spell library contained the following spells:

 Spells                   Type           Power      Damage    Failure   Level
 Blink                    Tloc           0%         N/A       95%         2
 Lesser Beckoning         Tloc           0%         N/A       95%         2
 Momentum Strike          Conj/Tloc      0%         3d8       95%         2
 Sublimation of Blood     Necr           0%         N/A       95%         2
 Call Imp                 Summ           Unusable   N/A       N/A         2
 Summon Hydra             Summ           Unusable   N/A       N/A         7

Dungeon Overview and Level Annotations

Branches:
Dungeon (5/15)             Temple (0/1) D:4

Altars:
Kikubaaqudgha
Okawaru
Uskayaw
Yredelemnul
Zin


Innate Abilities, Weirdness & Mutations

You can wield a second weapon in your off-hand.
It takes a long time for you to wield or remove held weapons.
Your first few attacks do less damage.
You cannot equip rings or amulets.


Message History

You are too injured to fight recklessly!
You are too injured to fight recklessly!
You are too injured to fight recklessly!
You are too injured to fight recklessly!
You are too injured to fight recklessly!
You hit the iguana.
The iguana is severely wounded.
The iguana bites you but does no damage.
You slash the iguana!
You kill the iguana!
Okawaru accepts your kill.
You see here an iguana corpse.
An ogre comes into view. It is wielding a +0 giant spiked club.
Health restored: 55 An ogre is nearby!
The ogre hits you with a +0 giant spiked club!!
* * * LOW HITPOINT WARNING * * *
You take 18 damage, and have 37/55 hp. !!!!--MASSIVE DAMAGE--!!!!
You are too injured to fight recklessly!
You are too injured to fight recklessly!
You are too injured to fight recklessly!
You barely miss the ogre. You block the ogre's attack.
You slash the ogre!
The ogre is moderately wounded.
The ogre hits you with a +0 giant spiked club!!
Ouch! That really hurt!
* * * LOW HITPOINT WARNING * * *
Something shouts, "Scamper away, thou pandering tardy-gaited nightsoil!"
You take 31 damage, and have 7/55 hp. !!!!--MASSIVE DAMAGE--!!!!
You slash the ogre!
The ogre is heavily wounded.
You hear a shout!
A white imp comes into view.
You hit the ogre but do no damage.
The ogre is heavily wounded.
The ogre barely misses you.
You hit the ogre.
The ogre is severely wounded.
The ogre hits you with a +0 giant spiked club!
You die...

...###...###...##
......###........
...###...###...###.
###....<....###.... ..
...###...###...###...# #
......###.........## ...
...###...###...###.#....
###.........###.....#
.#.###...###.#..@...#
..#...###.....#..O..#
..#....#......#......#
..#.....#.....#.....##
##.#....#......#.###5#
..###...#.....###. ..#
...#.###.#.###.#... .#
.<..#...###.....#. #
....#....#†.....#


You could see an ogre and a white imp.

Vanquished Creatures
  Grinder (D:5)
  2 vampire bats (D:4)
  A hound (D:4)
  An orc priest (D:4)
  A sleepcap (D:4)
  2 iguanas
  4 adders
  A shadow imp (D:5)
  3 ribbon worms
  2 dart slugs
  14 orcs
  3 bats
  A bat skeleton (D:4)
  4 bat zombies (D:4)
  4 endoplasms
  4 giant cockroaches
  5 goblins
  8 hobgoblins
  3 jackals (D:2)
  5 kobolds
  5 quokkas
  5 ball pythons
  3 frilled lizards
  2 rats
84 creatures vanquished.

Notes
Turn   | Place    | Note
-------+----------+-------------------------------------------
     0 | D:1      | Iich the Coglin Fighter began the quest for the Orb.
     0 | D:1      | Reached XP level 1. HP: 18/18 MP: 1/1
    85 | D:1      | Reached XP level 2. HP: 23/24 MP: 2/2
   530 | D:2      | Identified the orb "Huegg" {*Rage, -Tele rElec Hexes
                  | Alchemy}
   615 | D:2      | Reached skill level 1 in Dodging
   615 | D:2      | Reached XP level 3. HP: 27/29 MP: 3/3
   686 | D:2      | Reached skill level 3 in Axes
   774 | D:2      | Reached XP level 4. HP: 28/35 MP: 4/4
   850 | D:2      | Found a glowing silver altar of Zin.
   982 | D:3      | Found a basalt altar of Yredelemnul.
  1359 | D:3      | Found an iron altar of Okawaru.
  1372 | D:3      | Became a worshipper of Warmaster Okawaru
  1783 | D:4      | Reached XP level 5. HP: 16/42 MP: 5/5
  1941 | D:4      | Reached skill level 4 in Axes
  2026 | D:4      | Found a hide-covered altar of Uskayaw.
  2102 | D:4      | Found a staircase to the Ecumenical Temple.
  2155 | D:4      | Found an ancient bone altar of Kikubaaqudgha.
  2169 | D:4      | Reached XP level 6. HP: 46/48 MP: 6/6
  2756 | D:5      | Entered Level 5 of the Dungeon
  2904 | D:5      | Noticed Grinder
  2921 | D:5      | Paralysed by Grinder for 3 turns
  2936 | D:5      | Killed Grinder
  2936 | D:5      | Reached * piety under Okawaru
  2937 | D:5      | Reached skill level 5 in Axes
  2937 | D:5      | Reached XP level 7. HP: 35/55 MP: 7/7
  3072 | D:5      | Mangled by an ogre

Illustrated notes

Levels and vault maps discovered:
D:1:      scummos_arrival_forest, layout_rooms
D:2:      layout_basic, basic_altar
D:3:      layout_basic, okawaru_ov_weapons_minmay, yredelemnul_altar_generic
D:4:      layout_loops_cross, kennysheep_vampire_church,
          eat_drink_and_be_merry_uskayaw, minmay_temple_entry_antechambers
D:5:      nicolae_BIG_FREAKIN_CUBE, layout_gridville, minmay_circle_x,
          uniq_grinder

Skill      XL: |  1  2  3  4  5  6 |
---------------+-------------------+-----
Dodging        | 1 2 3 |  3.2
Axes           | 3 4 5 |  5.7
Fighting       | 4 |  4.7
Armour         | |  2.6
Shields        | |  2.1

Action                     |  1- 3 |  4- 6 |  7- 9 || total
---------------------------+-------+-------+-------++-------
  Melee: War axe           |    92 |   162 |    11 ||   265
         Hand axe          |       |     7 |       ||     7
    Use: Potion            |     4 |     1 |       ||     5
         Scroll            |     1 |     5 |       ||     6
 Armour: Scale mail        |    94 |   148 |     7 ||   249
  Dodge: Dodged            |    47 |    87 |     3 ||   137
  Block: Buckler           |    23 |    36 |     2 ||    61

Table legend: (Time is in decaauts)
 A = Elapsed time spent in this place.
 B = Non-inter-level travel time spent in this place.
 C = Inter-level travel time spent in this place.
 D = Time resting spent in this place.
 E = Time spent auto-exploring this place.
 F = Levels seen in this place.
 G = Mean time per level.
                   A        B        C        D        E       F      G
               +--------+--------+--------+--------+--------+-----+--------+
         Total |   3165 |   3069 |     96 |    113 |   2247 |   5 |  633.0 |
       Dungeon |   3165 |   3069 |     96 |    113 |   2247 |   5 |  633.0 |
               +--------+--------+--------+--------+--------+-----+--------+

Top non-repeatable levels by time:
     D:4: 1016 daAuts
     D:3: 794 daAuts
     D:1: 534 daAuts
     D:2: 489 daAuts
     D:5: 330 daAuts
